 Dungeon Crawl Stone Soup version 0.22-a0-515-g75794bf (webtiles) character file.

74 inc the Shield-Bearer (level 4, -2/31 HPs)
             Began as an Octopode Fighter on June 19, 2018.
             Slain by a big kobold
             ... wielding a +0 club
              (5 damage)
             ... on level 3 of the Dungeon.
             The game lasted 00:02:03 (1653 turns).

inc the Shield-Bearer (Octopode Fighter)            Turns: 1653, Time: 00:02:04

Health: -2/31      AC:  1    Str: 15    XL:     4   Next: 30%
Magic:  4/4        EV: 11    Int: 11    God:
Gold:   154        SH:  9    Dex: 11    Spells: 3/3 levels left

rFire    . . .     SeeInvis .   a - +0 flail
rCold    . . .     Gourm    .   b - +0 shield
rNeg     . . .     Faith    .   (helmet restricted)
rPois    .         Spirit   .   (no amulet)
rElec    .         Reflect  .   (no ring)
rCorr    .         Harm     .   (no ring)
MR       .....                  (no ring)
Stlth    ++........             (no ring)
HPRegen  0.10/turn              (no ring)
MPRegen  0.09/turn              (no ring)
                                (no ring)
                                (no ring)

@: no status effects
A: almost no armour, stealthy swim, amphibious, 8 rings, constrict 8, camouflage
1, gelatinous body 1
a: no special abilities


You were on level 3 of the Dungeon.
You were not hungry.

You visited 1 branch of the dungeon, and saw 3 of its levels.

You collected 154 gold pieces.

Inventory:

Hand Weapons
 a - a +0 flail (weapon)
Armour
 b - a +0 shield (worn)
Jewellery
 h - an uncursed ring of wizardry {unknown}
Wands
 m - a wand of enslavement (13)
Scrolls
 e - 2 scrolls of identify {unknown}
 j - a scroll of immolation {unknown}
 k - a scroll of noise {unknown}
 l - a scroll of magic mapping {unknown}
Potions
 c - 3 potions of might
 f - a potion of haste {unknown}
 g - a potion of brilliance {unknown}
 i - a potion of curing {unknown}
Comestibles
 d - a ration


   Skills:
 - Level 3.0 Fighting
 + Level 3.3 Maces & Flails
 - Level 3.0 Dodging
 + Level 4.1 Shields


You had 3 spell levels left.
You didn't know any spells.
Your spell library was empty.

Dungeon Overview and Level Annotations

Branches:
Dungeon (3/15)

Altars:
Cheibriados
Fedhas
Kikubaaqudgha
Sif Muna
The Shining One


Innate Abilities, Weirdness & Mutations

You cannot wear most types of armour.
You are very stealthy in the water. (Stealth+)
You are amphibious.
You can wear up to eight rings at the same time.
You can use your tentacles to constrict eight enemies at once.
Your skin changes colour to match your surroundings (Stealth+).
Your rubbery body absorbs attacks. (AC +1, EV +1)


Message History

The kobold hits you but does no damage.
The big kobold shouts!
You hit the kobold but do no damage. Your grab misses the kobold.
The kobold is severely wounded.
The kobold hits you with a club.
* * * LOW HITPOINT WARNING * * *
You closely miss the kobold. You grab the kobold.
The kobold is severely wounded.
You constrict the kobold.
You kill the kobold!
Things that are here:
a club; a kobold corpse You barely miss the big kobold.
You grab the big kobold. You constrict the big kobold.
The big kobold hits you with a club.
* * * LOW HITPOINT WARNING * * *
You hit the big kobold but do no damage.
You squeeze the big kobold.
The big kobold is lightly wounded.
You constrict the big kobold. The big kobold hits you with a club.
You die...

........###+######...
#######..........#...
####..........#...
#.............+...
#.............#...
#..######..<....._
#..# #......... ##))#
#......... #)@##
#######... #.K# #...
#..# ###... #..#≈
#..... #..##≈ #.#...
##.. ≈≈ #.#... #.. ≈#
#.#... ##. # #.####
#.#


You could see a big kobold.

Vanquished Creatures
  An adder (D:2)
  A dart slug (D:2)
  A worm (D:2)
  2 leopard geckos (D:1)
  3 ball pythons
  4 bats
  3 giant cockroaches (D:1)
  4 goblins
  11 hobgoblins
  2 jackals (D:2)
  3 frilled lizards
  9 kobolds
  13 rats
57 creatures vanquished.

Notes
Turn   | Place    | Note
-------+----------+-------------------------------------------
     0 | D:1      | inc the Octopode Fighter began the quest for the Orb.
     0 | D:1      | Reached XP level 1. HP: 16/16 MP: 1/1
    88 | D:1      | Reached XP level 2. HP: 19/21 MP: 2/2
   462 | D:1      | Reached XP level 3. HP: 25/26 MP: 3/3
   908 | D:2      | Found a blossoming altar of Fedhas.
   951 | D:2      | Found an ancient bone altar of Kikubaaqudgha.
  1016 | D:2      | Found a glowing golden altar of the Shining One.
  1243 | D:2      | Reached skill level 4 in Shields
  1243 | D:2      | Reached XP level 4. HP: 27/31 MP: 4/4
  1397 | D:3      | Found a snail-covered altar of Cheibriados.
  1443 | D:3      | Found a deep blue altar of Sif Muna.
  1647 | D:3      | Noticed a big kobold
  1653 | D:3      | Slain by a big kobold

Vault maps used:
D:1:      scummos_arrival_simple_fountains
D:2:      marbit_many_paths, overflow_temple_1_default, fedhas_altar_3
D:3:      cheibrodos_thug_alley, cheibriados_altar_1, led_sif_book,
          xom_butterflies, kennysheep_another_room

Skill      XL: |  1  2  3 |
---------------+----------+-----
Maces & Flails | 3 |  3.3
Shields        | 4 |  4.1
Fighting       | |  3.0
Dodging        | |  3.0

Action                   |  1- 3 |  4- 6 || total
-------------------------+-------+-------++-------
Melee: Flail             |    74 |    25 ||    99
       Constrict         |    21 |     8 ||    29
       Tentacles         |    10 |     3 ||    13
 Stab: Sleeping          |     7 |     1 ||     8
  Eat: Chunk             |     1 |     1 ||     2
Armor: Skin              |     3 |     5 ||     8
Dodge: Dodged            |    27 |    17 ||    44
Block: Shield            |    31 |    10 ||    41

Table legend:
 A = Spawn XP
 B = Non-spawn XP
 C = Spawn XP percentage of total XP
 D = Spawn monster count
 E = Non-spawn monster count
 F = Spawn count percentage of total count
 G = Total turns spent on level
                    A         B        C        D         E        F      G
               +---------+---------+-------+---------+---------+-------+---------
         Total |       0 |     107 |   0.0 |       0 |      57 |   0.0 |  1653
               +---------+---------+-------+---------+---------+-------+---------
           D:1 |       0 |      44 |   0.0 |       0 |      28 |   0.0 |   908
           D:2 |       0 |      46 |   0.0 |       0 |      19 |   0.0 |   489
           D:3 |       0 |      17 |   0.0 |       0 |      10 |   0.0 |   256
               +---------+---------+-------+---------+---------+-------+---------
